 Dungeon Crawl Stone Soup version 0.21.1-1-g345015f (webtiles) character file.

55 tidbits the Charmwright (level 3, 28/31 HPs)
             Began as a Gnoll Skald on June 27, 2018.
             Quit the game on level 2 of the Dungeon.
             The game lasted 00:02:53 (309 turns).

tidbits the Charmwright (Gnoll Skald)                Turns: 309, Time: 00:02:54

Health: 28/31      AC:  4    Str: 13    XL:     3   Next: 93%
Magic:  7/9        EV: 14    Int: 16    God:
Gold:   13         SH:  0    Dex: 14    Spells: 1/12 levels left

rFire    . . .     SeeInvis .   a - +0 hand axe
rCold    . . .     Gourm    .   (no shield)
rNeg     . . .     Faith    .   b - +0 leather armour
rPois    .         Spirit   .   (no helmet)
rElec    .         Reflect  .   C - +0 cloak
rCorr    .         Harm     .   (no gloves)
MR       .....                  (no boots)
Stlth    +.........             (no amulet)
HPRegen  0.10/turn              (no ring)
MPRegen  0.11/turn              (no ring)

@: no status effects
A: distributed training, fangs 1, strong nose
a: no special abilities


You were on level 2 of the Dungeon.
You were not hungry.

You visited 1 branch of the dungeon, and saw 3 of its levels.

You collected 13 gold pieces.

Inventory:

Hand Weapons
 a - a +0 hand axe (weapon)
Missiles
 g - 35 arrows
Armour
 b - a +0 leather armour (worn)
 C - a +0 cloak (worn)
Scrolls
 h - a scroll of magic mapping {unknown}
Potions
 e - 5 potions of curing {unknown}
 f - a potion of brilliance {unknown}
Books
 c - a book of Battle

   Spells                             Type                      Level
   a - Infusion                       Charms                       1
   b - Shroud of Golubria             Charms/Translocation         2
   c - Song of Slaying                Charms                       2
   d - Spectral Weapon                Hexes/Charms                 3
   e - Regeneration                   Charms/Necromancy            3
Comestibles
 d - 3 rations


   Skills:
 + Level 4.6 Fighting
 + Level 1.0 Short Blades
 + Level 1.0 Long Blades
 + Level 4.6 Axes
 + Level 1.0 Maces & Flails
 + Level 1.0 Polearms
 + Level 1.0 Staves
 + Level 1.0 Slings
 + Level 1.0 Bows
 + Level 1.0 Crossbows
 + Level 1.0 Throwing
 + Level 2.6 Armour
 + Level 4.6 Dodging
 + Level 1.0 Stealth
 + Level 1.0 Shields
 + Level 1.0 Unarmed Combat
 + Level 5.0 Spellcasting
 + Level 0.7 Conjurations
 + Level 0.7 Hexes
 + Level 5.4 Charms
 + Level 0.7 Summonings
 + Level 0.7 Necromancy
 + Level 0.7 Translocations
 + Level 0.7 Transmutations
 + Level 0.7 Fire Magic
 + Level 0.7 Ice Magic
 + Level 0.7 Air Magic
 + Level 0.7 Earth Magic
 + Level 0.7 Poison Magic
 + Level 1.0 Invocations
 + Level 1.0 Evocations


You had one spell level left.
You knew the following spells:

 Your Spells              Type           Power        Failure   Level  Hunger
g - Shroud of Golubria    Chrm/Tloc      ##........   9%          2    #......
i - Infusion              Chrm           ###.         1%          1    None
r - Regeneration          Chrm/Necr      ##........   16%         3    ###....
w - Spectral Weapon       Hex/Chrm       ##......     16%         3    ###....
y - Song of Slaying       Chrm           ###.....     3%          2    #......


Dungeon Overview and Level Annotations

Branches:
Dungeon (3/15)

Altars:


Innate Abilities, Weirdness & Mutations

Your experience applies equally to all skills.
You have very sharp teeth.
Your uncanny sense of smell can sniff out nearby items.


Message History

You kill the bat!
Your Invocations skill increases to level 1!
You see here a scroll labeled WAGASO ZEINUPT.
h - a scroll labeled WAGASO ZEINUPT Your spectral weapon fades away.
Saving game... please wait.
Welcome back, tidbits the Gnoll Skald.
Press ? for a list of commands and other information.
An adder comes into view.
You barely miss the adder.
Your song is almost over.
The adder closely misses you. The adder misses you.
You hit the adder. You bite the adder, but do no damage.
The adder is heavily wounded.
The adder closely misses you.
You hit the adder.
The adder is severely wounded.
The adder barely misses you. x2
You hit the adder.
The adder is almost dead.
The adder bites you.
You hit the adder.
You kill the adder!
Your song has ended.
You already know all available spells.
Unknown command.
Cast which spell? (? or * to list)
Your skin crawls.
Unknown command.
HP restored.
Your skin is crawling a little less now.
Your skin stops crawling.
A worm comes into view.
A frilled lizard comes into view.
Casting: Regeneration
Confirm with . or Enter, or press ? or * to list all spells.
You start singing a song of slaying.
The frilled lizard hisses angrily.
The worm closely misses you.
Casting: Song of Slaying
Confirm with . or Enter, or press ? or * to list all spells.
You draw out your weapon's spirit!
The worm misses you.
Unknown command.
You slash the worm!
The worm is moderately wounded.
You closely miss the frilled lizard.
Your spectral weapon hits the worm!
The frilled lizard bites you but does no damage.
The worm bites you. The frilled lizard closely misses you.
You hit the worm.
The worm is severely wounded.
You barely miss the frilled lizard.
Your spectral weapon barely misses the worm.
The frilled lizard misses you. The worm barely misses you.
You hit the worm but do no damage.
The worm is severely wounded.
You closely miss the frilled lizard.
Your spectral weapon hits the worm!
You kill the worm!
Your Short Blades skill increases to level 1!
Your Long Blades skill increases to level 1!
Your Maces & Flails skill increases to level 1!
Your Polearms skill increases to level 1!
Your Staves skill increases to level 1!
Your Slings skill increases to level 1!
Your Bows skill increases to level 1!
Your Crossbows skill increases to level 1!
Your Throwing skill increases to level 1!
Your Stealth skill increases to level 1!
Your Shields skill increases to level 1!
Your Unarmed Combat skill increases to level 1!
Your Evocations skill increases to level 1!
The frilled lizard bites you.
You slash the frilled lizard!
You kill the frilled lizard!
You see here a frilled lizard corpse.
You swap places.
You see here a frilled lizard corpse.
A bat comes into view.
The bat misses you. The bat barely misses you. The bat hits you.
The bat closely misses you.
You hit the bat.
The bat is moderately wounded.
The bat hits you but does no damage. The bat closely misses you.
You hit the bat. Your bite misses the bat.
The bat is heavily wounded.
The bat misses you. The bat closely misses you.
Your song is almost over.
The bat hits you but does no damage.
You barely miss the bat. The bat barely misses you.
Your spectral weapon closely misses the bat.
The bat closely misses you.
The bat barely misses your spectral weapon.
You barely miss the bat.
Your spectral weapon hits the bat!
You kill the bat!
Your song has ended.
You swap places.
Your spectral weapon fades away.
You see here a bat corpse.
Are you sure you want to abandon this character and quit the game? (Confirm with "yes".)

..+....#
#.#.##.#...........#
..######
#.#.##.#.........).#####
..#
#.#.##.#...........'...#
..#
#.#.##.#...........###.#
..# ###.#.##.#...........#
..#
#...#.##.#...........###.
###
#.###.##.................#
#.....####################
########..@.#
######.........#.#
#......##.###..#.#
##.###††##...†....#
...#....##.#.######
.###.##.##.#.##.# ...#.
#.##.#....#
##.#....##.####.#
...#######......#


There were no monsters in sight!

Vanquished Creatures
  4 adders (D:2)
  2 worms
  A dart slug (D:1)
  2 bats (D:2)
  A goblin (D:1)
  2 hobgoblins
  A frilled lizard (D:2)
  A rat (D:2)
14 creatures vanquished.

Notes
Turn   | Place    | Note
-------+----------+-------------------------------------------
     0 | D:1      | tidbits the Gnoll Skald began the quest for the Orb.
     0 | D:1      | Reached XP level 1. HP: 20/20 MP: 6/6
    63 | D:1      | Reached XP level 2. HP: 26/26 MP: 2/7
    67 | D:1      | Learned a level 2 spell: Song of Slaying
    70 | D:1      | Learned a level 2 spell: Shroud of Golubria
   125 | D:2      | Reached skill level 5 in Spellcasting
   125 | D:2      | Reached XP level 3. HP: 17/31 MP: 0/9
   130 | D:2      | Learned a level 3 spell: Regeneration
   134 | D:2      | Learned a level 3 spell: Spectral Weapon
   204 | D:2      | Reached skill level 1 in Invocations
   277 | D:2      | Reached skill level 1 in Short Blades
   277 | D:2      | Reached skill level 1 in Long Blades
   277 | D:2      | Reached skill level 1 in Maces & Flails
   277 | D:2      | Reached skill level 1 in Polearms
   277 | D:2      | Reached skill level 1 in Staves
   277 | D:2      | Reached skill level 1 in Slings
   277 | D:2      | Reached skill level 1 in Bows
   277 | D:2      | Reached skill level 1 in Crossbows
   277 | D:2      | Reached skill level 1 in Throwing
   277 | D:2      | Reached skill level 1 in Stealth
   277 | D:2      | Reached skill level 1 in Shields
   277 | D:2      | Reached skill level 1 in Unarmed Combat
   277 | D:2      | Reached skill level 1 in Evocations
   309 | D:2      | Quit the game

Skill      XL: |  1  2  3 |
---------------+----------+-----
Spellcasting   | 5 |  5.0
Invocations    | 1 |  1.0
Short Blades   | 1 |  1.0
Long Blades    | 1 |  1.0
Maces & Flails | 1 |  1.0
Polearms       | 1 |  1.0
Staves         | 1 |  1.0
Slings         | 1 |  1.0
Bows           | 1 |  1.0
Crossbows      | 1 |  1.0
Throwing       | 1 |  1.0
Stealth        | 1 |  1.0
Shields        | 1 |  1.0
Unarmed Combat | 1 |  1.0
Evocations     | 1 |  1.0
Fighting       | |  4.6
Axes           | |  4.6
Armour         | |  2.6
Dodging        | |  4.6
Conjurations   | |  0.7
Hexes          | |  0.7
Charms         | |  5.4
Summonings     | |  0.7
Necromancy     | |  0.7
Translocations | |  0.7
Transmutations | |  0.7
Fire Magic     | |  0.7
Ice Magic      | |  0.7
Air Magic      | |  0.7
Earth Magic    | |  0.7
Poison Magic   | |  0.7

Action                   || total
-------------------------++-------
Melee: Hand axe          ||    39
       Bite              ||     2
 Cast: Infusion          ||     3
       Song of Slaying   ||     4
       Spectral Weapon   ||     2
       Regeneration      ||     1
Armor: Leather armour    ||     7
Dodge: Dodged            ||    29

Table legend:
 A = Turns spent in this place as a percentage of turns spent in the entire game.
 B = Non-inter-level travel turns spent in this place as a percentage of non-inter-level travel turns spent in the entire game.
 C = Inter-level travel turns spent in this place as a percentage of turns spent in this place.
 D = Turns resting spent in this place as a percentage of non-inter-level travel turns spent in this place.
 E = Turns spent auto-exploring this place as a percentage of non-inter-level travel turns spent in this place.
 F = Non-inter-level travel turns spent in this place divided by the number of levels of this place that you've seen.
                   A       B       C       D       E      F
               +-------+-------+-------+-------+-------+----------------------
         Total | 100.0 | 100.0 |   0.0 |   0.0 |   0.0 | 103.0
       Dungeon | 100.0 | 100.0 |   0.0 |   0.0 |   0.0 | 103.0
               +-------+-------+-------+-------+-------+----------------------

Table legend:
 A = Kills in this place as a percentage of kills in entire the game.
 B = Kills by you in this place as a percentage of kills by you in the entire game.
 C = Kills by friends in this place as a percentage of kills by friends in the entire game.
 D = Other kills in this place as a percentage of other kills in the entire game.
 E = Experience gained in this place as a percentage of experience gained in the entire game.
 F = Experience gained in this place divided by the number of levels of this place that you have seen.
                   A       B       C       D       E      F
               +-------+-------+-------+-------+-------+----------------------
         Total | 100.0 | 100.0 |   N/A |   N/A | 100.0 |  26.3
       Dungeon | 100.0 | 100.0 |   N/A |   N/A | 100.0 |  26.3
               +-------+-------+-------+-------+-------+----------------------

Vault maps used:
D:1:      dpeg_arrival_brainrot, serial_bayou_lagoon_a
D:2:      lightli_temple_of_fire, uniq_jessica
D:3:      marbit_many_paths, kiku_gazebo_pond_becter, kennysheep_big_empty_room,
          uniq_robin, uniq_crazy_yiuf_cottage, uniq_terence
